AoeStats
← danjo

Black Forest

504201945Analyzed
1v1 RM · 29d ago on Sep 4, 2026· 41m 36s· 2 players
Game mode
Random Map
Map size
Tiny (2 player)
Population
200
Speed
Normal
Resources
Standard
Victory
Conquest
Starting age
Dark Age
Ending age
Imperial Age
RankedLock teamsTeams togetherTeam positionsShared explorationLock speedFull tech treeHidden civsTurbo modeCheats
Victory
Defeat
🇩🇪 Malians · Germany
1034
+18
🇪🇸 Spanish · Spain
1080
-18
Aloxen
3:20 Loom
4:30 Loom
12:05 Feudal Age
15:58 Castle Age
14:00 Double-Bit Axe
14:41 Horse Collar
17:14 Bow Saw
17:48 Wheelbarrow
26:35 Heavy Plow
33:25 Imperial Age
30:41 Town Watch
31:12 Hand Cart
32:53 Gold Mining
32:54 Stone Mining
33:46 Fortified Wall
33:47 Masonry
34:30 Husbandry
34:41 Bloodlines
34:58 Scale Barding Armor
35:03 Forging
37:08 Chain Barding Armor
37:24 Iron Casting
40:09 Imperial Age
40:12 Cavalier
42:27 Plate Barding Armor
42:52 Blast Furnace
danjo
1:32 Loom
11:21 Feudal Age
16:10 Castle Age
14:44 Double-Bit Axe
26:41 Horse Collar
30:28 Imperial Age
29:26 Wheelbarrow
29:50 Scale Mail Armor
30:01 Forging
29:54 Squires
31:10 Chain Mail Armor
31:23 Gold Mining
31:24 Stone Mining
31:51 Hand Cart
32:01 Conscription
31:44 Fletching
32:30 Iron Casting
33:40 Chemistry
32:36 Murder Holes
33:39 Plate Mail Armor
33:25 Bow Saw
33:54 Gold Shaft Mining
34:54 Capped Ram
36:33 Bodkin Arrow
36:43 Scale Barding Armor
37:16 Farimba
37:27 Heavy Camel Rider
38:08 Husbandry
39:02 Chain Barding Armor
39:54 Bloodlines
41:12 Plate Barding Armor
41:14 Heavy Plow
Connection lost

Rejoining the realm…

Still unreachable

The connection could not be restored.

Session expired

The server has moved on; the page needs a fresh start.